 Dungeon Crawl Stone Soup version 0.24-a0-592-g9a1d66b0e3 (webtiles) character file.

Game seed: 7158535744747916041, levelgen mode: deterministic

1637 Ijustatesigmund the Cleaver (level 8, -2/74 HPs)
             Began as a Minotaur Monk on Sept 9, 2019.
             Was a Priest of Cheibriados.
             Shot with an arrow by a centaur (12 damage)
             ... on level 6 of the Dungeon.
             The game lasted 00:10:10 (6325 turns).

Ijustatesigmund the Cleaver (Minotaur Monk)         Turns: 6325, Time: 00:10:11

Health: -2/74      AC:  4    Str: 25    XL:     8   Next: 66%
Magic:  9/9        EV: 17    Int: 15    God:    Cheibriados [***...]
Gold:   352        SH:  0    Dex: 23    Spells: 7/7 levels left

rFire    . . .     SeeInvis .   a - +1 hand axe
rCold    . . .     Gourm    .   (no shield)
rNeg     . . .     Faith    .   b - +1 leather armour
rPois    .         Spirit   .   (helmet restricted)
rElec    .         Reflect  .   (no cloak)
rCorr    .         Harm     .   (no gloves)
MR       .....                  (no boots)
Stlth    ++++......             (no amulet)
HPRegen  0.22/turn              n - +3 ring of strength
MPRegen  0.11/turn              p - ring of stealth

@: very slow
A: retaliatory headbutt, horns 2, talons 1, repulsion field 1, low mp 1, weak 1
a: Bend Time, Temporal Distortion, Renounce Religion


You were on level 6 of the Dungeon.
You worshipped Cheibriados.
Cheibriados was most pleased with you.
You were not hungry.

You visited 1 branch of the dungeon, and saw 6 of its levels.

You collected 352 gold pieces.

Inventory:

Hand Weapons
 a - a +1 hand axe (weapon)
 w - a +0 morningstar
Armour
 b - a +1 leather armour (worn)
Jewellery
 g - an uncursed ring of flight
 n - a +3 ring of strength (left hand)
 p - a ring of stealth (right hand)
 q - an uncursed ring of fire
Wands
 h - a wand of enslavement (3)
 t - a wand of flame (12)
 v - a wand of iceblast (6)
Scrolls
 e - 3 scrolls of remove curse
 l - a scroll of teleportation
 o - a scroll of enchant weapon
 s - a scroll of enchant armour
 u - 2 scrolls of fear
Potions
 d - a potion of might
 f - a potion of invisibility
 i - a potion of haste
 j - a potion of curing
 k - a potion of agility
 m - 2 potions of brilliance
 r - 3 potions of heal wounds {unknown}
 x - a potion of mutation
 z - a potion of berserk rage {unknown}
 A - a potion of ambrosia {unknown}
Comestibles
 c - 8 rations


   Skills:
 + Level 8.1 Fighting
 + Level 8.6 Axes
 - Level 1.7 Armour
 - Level 4.0 Dodging
 - Level 3.0 Stealth
 + Level 4.9 Invocations


You had 7 spell levels left.
You didn't know any spells.
Your spell library contained the following spells:

 Spells                   Type           Power        Failure   Level  Hunger
 Magic Dart               Conj           #...         30%         1    ##.....
 Searing Ray              Conj           #.....       41%         2    ###....
 Dazzling Spray           Conj/Hex       #.....       65%         3    ####...
 Force Lance              Conj/Tloc      #.......     96%         4    #####..
 Fulminant Prism          Conj/Hex       #.........   96%         4    #####..
 Iskenderun's Mystic Bla  Conj           #.......     96%         4    #####..


Dungeon Overview and Level Annotations

Branches:
Dungeon (6/15)             Temple (0/1) D:5

Altars:
Cheibriados
Qazlal
Trog
Yredelemnul


Innate Abilities, Weirdness & Mutations

You reflexively headbutt those who attack you in melee.
You have a pair of horns on your head.
You have sharp toenails.
You are surrounded by a mild repulsion field. (EV +2)
Your magical capacity is low. (-10% MP)
You are weak. (Str -2)


Message History

The centaur resists with some effort.
Evoke which item? (* to show all) (? for menu, Esc to quit)
Aiming: Enslavement
Press: ? - help, Shift-Dir - straight line, f/p - centaur
Aim: a centaur, wielding a +0 shortbow (chance to defeat MR: 46%)
The centaur is charmed.
The centaur wields a +0 shortbow.
The centaur shoots an arrow.
The arrow hits your centaur!
The centaur shoots an arrow.
The arrow hits your centaur.
The centaur shoots an arrow.
The arrow hits your centaur!
You see here a trident.
The centaur shoots an arrow.
The arrow hits your centaur.
Your centaur dies!
The centaur looks more experienced.
The centaur shoots an arrow.
The arrow misses you.
The centaur shoots an arrow.
The arrow misses you.
The centaur shoots an arrow.
The arrow hits you!
* * * LOW HITPOINT WARNING * * *
There is a stone staircase leading up here.
You see here an arrow.
The centaur shoots an arrow.
The arrow hits you!
You die...

#....... #......
#..... #.... ... . ##
#.# (.#
#.#######.####....#
#....((@.))c(O.(...
#.######..#####(..###
#..## #.##..o......
###..####.#..# ..o..
#..........)#


aoc #...........# #o# #..........[#####(# #...)....†.>...##o##.#...
#...).[[.?.......({.o.... You could see an ogre and a centaur.

Vanquished Creatures
  Eustachio (D:6)
  2 sky beasts (D:5)
  An ice beast (D:5)
  An ogre (D:5)
  A centaur (D:5)
  2 phantoms
  A bullfrog (D:6)
  A wyvern zombie (D:6)
  A water moccasin skeleton (D:4)
  A scorpion (D:5)
  A howler monkey (D:6)
  A centaur zombie (D:5)
  An orc priest (D:3)
  A jelly (D:6)
  An iguana (D:4)
  An orc wizard (D:6)
  A hound (D:6)
  Natasha (thrice) (D:2)
  2 worker ants (D:5)
  A worker ant zombie (D:5)
  A howler monkey skeleton (D:5)
  5 adders
  3 adder skeletons
  5 worms
  3 dart slugs
  5 leopard geckos
  15 orcs
  8 bats
  3 giant cockroaches
  8 goblins
  11 hobgoblins
  11 jackals
  2 quokkas
  2 ball pythons (D:1)
  8 frilled lizards
  4 kobolds
  2 rats (D:1)
  A spectral orc (D:3)
122 creatures vanquished.

Vanquished Creatures (collateral kills)
  An orc priest (D:6)
  An orc wizard (D:6)
  3 orcs (D:6)
5 creatures vanquished.

Vanquished Creatures (others)
  A centaur (D:6)
  2 orc warriors (D:6)
3 creatures vanquished.

Grand Total: 130 creatures vanquished

Notes
Turn   | Place    | Note
-------+----------+-------------------------------------------
     0 | D:1      | Ijustatesigmund the Minotaur Monk began the quest for the
                  | Orb.
     0 | D:1      | Reached XP level 1. HP: 19/19 MP: 0/0
   187 | D:1      | Reached XP level 2. HP: 21/27 MP: 1/1
  1259 | D:2      | Reached XP level 3. HP: 15/33 MP: 2/2
  2028 | D:2      | Noticed Natasha
  2037 | D:2      | Killed Natasha
  2037 | D:2      | Reached XP level 4. HP: 30/41 MP: 3/3
  2085 | D:2      | Noticed Natasha
  2099 | D:2      | Killed Natasha
  2463 | D:2      | Noticed Natasha
  2473 | D:2      | Killed Natasha
  2473 | D:2      | Reached skill level 5 in Axes
  2473 | D:2      | Reached skill level 1 in Armour
  2895 | D:3      | Found a stormy altar of Qazlal.
  2903 | D:3      | Reached XP level 5. HP: 44/47 MP: 4/4
  3120 | D:3      | Gained mutation: You have sharp toenails. [potion of
                  | mutation]
  3120 | D:3      | Gained mutation: You are weak. (Str -2) [potion of
                  | mutation]
  3120 | D:3      | Gained mutation: Your magical capacity is low. (-10% MP)
                  | [potion of mutation]
  3120 | D:3      | Gained mutation: You are surrounded by a mild repulsion
                  | field. (EV +2) [potion of mutation]
  3602 | D:3      | Found a basalt altar of Yredelemnul.
  3705 | D:4      | Noticed a phantom
  3738 | D:4      | Found a snail-covered altar of Cheibriados.
  4065 | D:4      | Killed a phantom
  4065 | D:4      | Reached skill level 5 in Fighting
  4065 | D:4      | Reached XP level 6. HP: 39/56 MP: 4/4
  4073 | D:4      | Became a worshipper of Cheibriados the Contemplative
  4073 | D:4      | Reached * piety under Cheibriados
  4073 | D:4      | Reached ** piety under Cheibriados
  4569 | D:4      | Found a bloodstained altar of Trog.
  5018 | D:5      | Entered Level 5 of the Dungeon
  5028 | D:5      | Reached skill level 1 in Invocations
  5156 | D:5      | Noticed a sky beast
  5157 | D:5      | Noticed a sky beast
  5166 | D:5      | Killed a sky beast
  5166 | D:5      | Reached XP level 7. HP: 21/63 MP: 6/6
  5640 | D:5      | Reached XP level 8. HP: 73/73 MP: 8/8
  5671 | D:5      | Reached *** piety under Cheibriados
  5854 | D:5      | Found a staircase to the Ecumenical Temple.
  5977 | D:6      | Noticed Eustachio
  5996 | D:6      | Killed Eustachio
  6325 | D:6      | Shot with an arrow by a centaur

Levels and vault maps discovered:
D:1:      minmay_arrival_shattered_statue, layout_basic,
          minmay_misc_feat_pillars, eino_curves_01
D:2:      layout_loops_cross, minmay_tiny_reverse_x, uniq_natasha
D:3:      layout_basic, old_standard_altar, yredelemnul_forgotten_temple_becter,
          first_ration
D:4:      layout_basic, lemuel_crystal_altar, lemuel_round_altar
D:5:      layout_cave_pools, minmay_temple_entry_enclosed_plants
D:6:      layout_rooms, kennysheep_mini, uniq_eustachio

Skill      XL: |  1  2  3  4  5  6  7  8 |
---------------+-------------------------+-----
Axes           | 4 5 6 7 8 |  8.6
Fighting       | 4 5 6 7 8 |  8.1
Stealth        | 2 3 |  3.0
Armour         | 1 |  1.7
Dodging        | 4 |  4.0
Invocations    | 2 3 4 |  4.9

Action                   |  1- 3 |  4- 6 |  7- 9 || total
-------------------------+-------+-------+-------++-------
Melee: Hand axe          |    95 |   141 |    81 ||   317
       Headbutt          |    13 |    43 |    20 ||    76
       Kick              |       |    37 |    34 ||    71
Invok: Bend Time         |       |       |     1 ||     1
Evoke: Wand              |       |     2 |    14 ||    16
  Use: Scroll            |     3 |     7 |     5 ||    15
       Potion            |       |     2 |       ||     2
 Stab: Sleeping          |     5 |     8 |     3 ||    16
       Invisible         |       |       |     1 ||     1
  Eat: Chunk             |     3 |     8 |     2 ||    13
Armor: Robe              |    10 |       |       ||    10
       Leather armour    |     3 |    26 |    17 ||    46
Dodge: Dodged            |    71 |    84 |    86 ||   241

Table legend:
 A = Non-vault XP
 B = Vault XP
 C = Vault XP percentage of total XP
 D = Non-vault monster count
 E = Vault monster count
 F = Vault count percentage of total count
                 A         B        C        D         E       F
            +---------+---------+-------+---------+---------+-------
      Total |    2092 |     247 |  10.6 |     124 |       5 |   3.9
            +---------+---------+-------+---------+---------+-------
        D:1 |      30 |       0 |   0.0 |      19 |       0 |   0.0
        D:2 |     121 |      38 |  23.9 |      22 |       3 |  12.0
        D:3 |     114 |       1 |   0.9 |      25 |       1 |   3.8
        D:4 |     272 |       0 |   0.0 |      13 |       0 |   0.0
        D:5 |    1011 |       0 |   0.0 |      25 |       0 |   0.0
        D:6 |     544 |     208 |  27.7 |      20 |       1 |   4.8
            +---------+---------+-------+---------+---------+-------
